 Dungeon Crawl Stone Soup version 0.29.1-1-gd02db69 (webtiles) character file.

Game seed: 16542683763873955584

702088 Dawnplanks the Gargoyle Barricade (level 27, -10/298 HPs)
             Began as a Gargoyle Berserker on Mar 24, 2023.
             Was the Champion of the Shining One.
             Mangled by a Killer Klown
             ... wielding a +8 club
              (25 damage)
             ... on level 5 of the Realm of Zot on Apr 5, 2023.
             The game lasted 14:20:18 (75809 turns).

Dawnplanks the Gargoyle Barricade (GrBe)           Turns: 75809, Time: 14:20:20

Health: -10/298    AC: 64    Str: 35    XL:     27
Magic:  1/35       EV:  6    Int:  8    God:    the Shining One [******]
Gold:   8693       SH:  0    Dex: 13    Spells: 26/26 levels left

rFire   + + +      SeeInvis +   G - +9 sacred scourge (holy)
rCold   + + .      Faith    .   J - +3 buckler of the Guardian {Regen+ Str+4 Slay+4 SInv}
rNeg    + + +      Spirit   .   C - +7 gold dragon scales
rPois   ∞          Reflect  +   O - +2 hat
rElec   +          Harm     .   c - +1 cloak {Will+}
rCorr   .          Rampage  +   S - +2 pair of gloves {infuse}
Will    +++++                   U - +2 pair of boots {rampage}
Stlth   ..........              A - amulet of Fonomn {Reflect rC+ SH+5}
HPRegen 1.39/turn               Z - +4 ring of slaying
MPRegen 0.24/turn               i - ring "Wuth" {rElec rN+ Will++ Slay+4}

@: berserking, flying, held, glowing, studying Summonings, very quick
A: sickness immunity, AC +20, big wings, negative energy resistance 1,
electricity resistance, torment resistance 1, petrification resistance, agile 1,
fire resistance 2, screaming 1, weak 1, MP-powered wands
}: 4/15 runes: barnacled, silver, abyssal, gossamer
a: Renounce Religion, Divine Shield, Cleansing Flame, Summon Divine Warrior


You were on level 5 of the Realm of Zot.
You worshipped the Shining One.
The Shining One was exalted by your worship.
You visited 12 branches of the dungeon, and saw 56 of its levels.
You visited the Abyss 3 times.
You also visited: Trove, Ice Cave and Volcano.

You collected 10771 gold pieces.
You spent 2078 gold pieces at shops.

Inventory:

Hand Weapons
 G - a +9 sacred scourge of holy wrath (weapon)
Missiles
 K - 17 javelins
 W - 3 throwing nets
Armour
 c - a +1 cloak of willpower (worn)
 s - a +0 cloak of willpower
 C - +7 gold dragon scales (worn)
 J - the +3 buckler of the Guardian (worn) {Regen+ Str+4 Slay+4 SInv}
   (You found it on level 6 of the Dungeon)

   Str:       It affects your strength (+4).
   Slay:      It affects your accuracy & damage with ranged weapons and melee
   (+4).
   SInv:      It lets you see invisible.
   Regen:     It increases your rate of health regeneration.
 O - a +2 hat (worn)
 S - a +2 pair of gloves of infusion (worn)
 U - a +2 pair of boots of rampaging (worn)
 V - the +4 pair of gloves "Lozes" {rF+}
   (You found it on level 4 of the Realm of Zot)

   rF:        It protects you from fire.
Jewellery
 i - the ring "Wuth" (right hand) {rElec rN+ Will++ Slay+4}
   (You found it on level 3 of the Crypt)

   [ring of positive energy]

   Slay:      It affects your accuracy & damage with ranged weapons and melee
   (+4).
   rElec:     It insulates you from electricity.
   rN:        It protects you from negative energy.
   Will:      It greatly increases your willpower.
 k - an amulet of reflection
 n - the ring of Ammey {rF+ rN+ Str+6}
   (You found it on level 3 of the Crypt)

   [ring of positive energy]

   Str:       It affects your strength (+6).
   rF:        It protects you from fire.
   rN:        It protects you from negative energy.
 r - the ring "Napum" {rPois rF+ rN+ Dex-5}
   (You found it on level 3 of the Crypt)

   [ring of positive energy]

   Dex:       It affects your dexterity (-5).
   rF:        It protects you from fire.
   rPois:     It protects you from poison.
   rN:        It protects you from negative energy.
 t - a ring of protection from fire
 x - the ring of Ujatufell {rPois rN+ rCorr Str+3}
   (You found it on level 2 of the Depths)

   [ring of resist corrosion]

   Str:       It affects your strength (+3).
   rPois:     It protects you from poison.
   rN:        It protects you from negative energy.
   rCorr:     It protects you from acid and corrosion.
 A - the amulet of Fonomn (around neck) {Reflect rC+ SH+5}
   (You found it on level 3 of the Realm of Zot)

   [amulet of reflection]

   It reflects blocked missile attacks.
   rC:        It protects you from cold.
   SH:        It affects your SH (+5).
 Z - a +4 ring of slaying (left hand)
Wands
 w - a wand of digging (39)
 L - a wand of quicksilver (8)
Scrolls
 f - 19 scrolls of teleportation
 h - 10 scrolls of immolation
 p - 11 scrolls of poison
 q - 5 scrolls of magic mapping
 N - 5 scrolls of butterflies
 Q - 11 scrolls of enchant weapon
 T - 16 scrolls of fear (quivered)
Potions
 b - 6 potions of haste
 d - 16 potions of mutation
 e - 8 potions of curing
 j - 5 potions of brilliance
 l - 2 potions of resistance
 m - 12 potions of ambrosia
 o - 14 potions of lignification
 u - 7 potions of magic
 I - 7 potions of cancellation
 M - 6 potions of attraction
 P - 9 potions of invisibility
 Y - 6 potions of might
Miscellaneous
 y - a phantom mirror (inert)
 B - a lightning rod (4/4)
 E - a lightning rod (4/4)
 F - a box of beasts
 H - a piece from Xom's chessboard (15/15)
 X - a box of beasts


   Skills:
 O Level 27 Fighting
 + Level 12.5(20.2) Axes
 + Level 26.9(27) Maces & Flails
 + Level 1.7 Throwing
 + Level 21.9 Armour
 + Level 7.7 Dodging
 - Level 0.4 Stealth
 O Level 27 Shields
 * Level 16.2 Invocations


You had 26 spell levels left.
You didn't know any spells.
Your spell library contained the following spells:

 Spells                   Type           Power      Damage    Failure   Level
 Blink                    Tloc           0%         N/A       99%         2
 Wereblood                Tmut           0%         N/A       99%         2
 Dazzling Flash           Conj/Hex       0%         N/A       100%        3
 Gell's Gravitas          Tloc           0%         N/A       100%        3
 Lesser Beckoning         Tloc           0%         N/A       100%        3
 Ozocubu's Armour         Ice            0%         N/A       100%        3
 Swiftness                Air            0%         N/A       100%        3
 Teleport Other           Tloc           0%         N/A       100%        3
 Animate Dead             Necr           0%         N/A       100%        4
 Flame Wave               Conj/Fire      0%         2d4       100%        4
 Hailstorm                Conj/Ice       0%         3d3       100%        4
 Ice Form                 Ice/Tmut       0%         N/A       100%        4
 Leda's Liquefaction      Hex/Erth       0%         N/A       100%        4
 Olgreb's Toxic Radiance  Pois           0%         N/A       100%        4
 Passage of Golubria      Tloc           0%         N/A       100%        4
 Sticky Flame             Conj/Fire      0%         2d3       100%        4
 Summon Lightning Spire   Summ/Air       0%         N/A       100%        4
 Blade Hands              Tmut           0%         N/A       100%        5
 Borgnjor's Vile Clutch   Necr/Erth      0%         N/A       100%        5
 Freezing Cloud           Conj/Ice/Air   0%         6-21      100%        5
 Irradiate                Conj/Tmut      0%         3d11      100%        5
 Lee's Rapid Deconstruct  Erth           0%         3d5*      100%        5
 Lightning Bolt           Conj/Air       0%         1d11      100%        5
 Metabolic Englaciation   Hex/Ice        0%         N/A       100%        5
 Silence                  Hex/Air        0%         N/A       100%        5
 Summon Forest            Summ/Tloc      0%         N/A       100%        5
 Conjure Ball Lightning   Conj/Air       0%         3x3d6     100%        6
 Death Channel            Necr           0%         N/A       100%        6
 Dispersal                Tloc           0%         N/A       100%        6
 Simulacrum               Ice/Necr       0%         N/A       100%        6
 Dragon Form              Tmut           0%         N/A       100%        7
 Malign Gateway           Summ/Tloc      0%         N/A       100%        7
 Ozocubu's Refrigeration  Ice            0%         4d7       100%        7
 Storm Form               Tmut/Air       0%         N/A       100%        7
 Summon Hydra             Summ           0%         N/A       100%        7
 Discord                  Hex            0%         N/A       100%        8
 Disjunction              Tloc           0%         N/A       100%        8
 Ignition                 Fire           0%         3d3       100%        8
 Maxwell's Capacitive Co  Air            0%         ∞         100%        8
 Summon Horrible Things   Summ           0%         N/A       100%        8
 Chain Lightning          Conj/Air       0%         N/A       100%        9
 Polar Vortex             Ice            0%         N/A       100%        9
 Shatter                  Erth           0%         3d5*      100%        9
 Sublimation of Blood     Necr           Unusable   N/A       N/A         2
 Statue Form              Tmut/Erth      Unusable   N/A       N/A         6

Dungeon Overview and Level Annotations

Branches:
Dungeon (15/15)            Temple (1/1) D:4            Lair (5/5) D:10
 Shoals (4/4) Lair:2       Spider (4/4) Lair:3        Slime (5/5) Lair:4
    Orc (2/2) D:11            Elf (3/3) Orc:2        Vaults (5/5) D:13
  Crypt (3/3) Vaults:3       Tomb (0/3) Crypt:3      Depths (4/4) D:15
    Zot (5/5) Depths:4      IceCv (visited)         Volcano (visited)

Altars:
Ashenzari
Cheibriados
Dithmenos
Elyvilon
Fedhas
Gozag
Hepliaklqana
Kikubaaqudgha
Makhleb
Nemelex Xobeh
Okawaru
Qazlal
Ru
Sif Muna
Trog
Uskayaw
Vehumet
Wu Jian
Xom
Yredelemnul
Zin
The Shining One
Jiyva

Shops:
D:10 !   Orc:2 *(=[   Elf:3 [   Vaults:2 (   Vaults:3 (   Depths:2 [

Portals:
Hell: Depths:1 Depths:2 Depths:3 Depths:4
Abyss: Depths:3 Depths:4
Pandemonium: Depths:2 Depths:3
Ziggurat: Depths:4

Annotations:
Lair:3 exclusion: oklob plant
Slime:5 Royal Jelly
Zot:2 1 transporter


Innate Abilities, Weirdness & Mutations

You are immune to sickness and miasma.
Your stone body is resilient. (AC +20)
You are immune to poison.
Your large and strong wings let you fly.
You resist negative energy. (rN+)
You are resistant to electric shocks. (rElec)
You are resistant to unholy torment.
You are immune to petrification.
You are agile. (Dex +4, Str/Int -1)
Your flesh is very heat resistant. (rF++)
You occasionally shout uncontrollably at your foes.
You are weak. (Str -2)
You expend magic power (3 MP) to strengthen your wands.


Message History

Your Killer Klown misses the green draconian.
The Killer Klown slaps you with a +8 club!!
* * * LOW HITPOINT WARNING * * *
The purple draconian shifter hits you but does no damage.
The electric golem hits your butterfly.
Your butterfly dies!
Your butterfly disappears in a burst of colours!
The Killer Klown pies you viciously!
The klown pie hits you but does no damage.
The green draconian hits your Killer Klown but does no damage.
The green draconian tail-slaps your Killer Klown but does no damage.
A red film seems to cover your vision as you go berserk!
You feel yourself moving faster!
You feel mighty!
The Killer Klown karate-kicks you but does no damage.
The Killer Klown wrestles you but does no damage.
The electric golem crackles and sizzles.
The Killer Klown squeezes your butterfly with a +11 club of flaming!!
The Killer Klown burns your butterfly.
Your butterfly dies!
Your butterfly disappears in a burst of colours!
Your Killer Klown barely misses the green draconian.
The Killer Klown karate-kicks you but does no damage.
The purple draconian shifter hits you but does no damage.
The Killer Klown giggles crazily.
The Killer Klown blinks!
The Killer Klown prods you but does no damage.
Your Killer Klown pies you viciously!
The klown pie hits the green draconian!
Blueberry!
The green draconian loses the ability to speak.
The green draconian hits your Killer Klown but does no damage.
The green draconian tail-slaps your Killer Klown.
The electric golem closely misses your Killer Klown. x2
The electric golem hits your Killer Klown.
The electric golem hits your Killer Klown!
Unknown command.
You struggle against the net.
You feel a strong urge to attack something.
The green draconian is no longer mute.
The Killer Klown slaps you with a +8 club!!
You die...

▓# #▓▓▓▓▓▓▓▓*****,, ▓
*▓▓▓..,,,,,,,,, ▓##
*#▓.....,,,,,,,^, ..##
##..........,,,,,, ...# ▓▓▓▓▓▓▓▓▓
#.....^......,,,,,
...▓▓▓.......▓▓▓....b.......^,,,,
...▓▓.........▓▓..^.........,,,,,
.).▓......^.b..▓pq..........,,,,,
...^.....0^...bb@p9b........,,,,,
...▓........^.b▓ppd.........,,,,,
...▓▓....?^...▓▓b.).........,,,,,
...▓▓▓.......▓▓▓..)bb.......,,,,,
...▓ ▓▓▓▓▓▓▓▓▓ ▓......p.....,,,,,
..▓▓ ▓▓........^.^,,^,, ▓▓▓
▓▓▓^........,,,,, ▓
▓▓▓▓......,,,,, *▓▓▓▓▓▓*****


You could see 4 Killer Klowns, an electric golem, a green draconian (ally
target), a purple draconian shifter (mute, ally target) and a friendly Killer
Klown (summoned).

Vanquished Creatures
  6 dread liches
  Mara (Vaults:4)
  3 ancient liches
  2 orbs of fire (Zot:5)
  The ghost of Cankoss the Hawkeye, a veteran TrGl of Okawaru (Zot:3)
  Parghit (Depths:4)
  Sojobo (Crypt:2)
  6 Killer Klowns (Zot:5)
  Bai Suzhen (Crypt:2)
  Vv (Crypt:2)
  A caustic shrike (Depths:2)
  2 curse toes
  10 golden dragons
  Arachne (Spider:4)
  the Enchantress (Depths:2)
  A profane servitor (Abyss:5)
  Nikola (Shoals:3)
  2 doom hounds (Depths:4)
  7 bone dragons
  4 electric golems
  12 tentacled monstrosities
  4 Tzitzimimeh (Depths:4)
  Asterion (Elf:1)
  22 Orb Guardians (Zot:5)
  A deep elf master archer (Elf:3)
  11 acid blobs
  3 liches
  Grunn (Depths:4)
  6 titans
  A deep elf blademaster (Elf:3)
  7 quicksilver dragons
  10 sphinxes
  6 tentacled starspawn
  8 death cobs
  7 shadow dragons
  Frances (D:14)
  6 tengu reavers
  10 draconian monks
  20 storm dragons
  Donald (Orc:1)
  2 revenants
  8 azure jellies
  11 rockslimes
  3 draconian knights
  5 iron dragons
  14 fire giants
  2 balrugs
  A spectral juggernaut (Depths:3)
  7 deep elf elementalists
  4 emperor scorpions
  11 frost giants
  6 draconian scorchers
  Aizul (Shoals:1)
  10 deep elf sorcerers
  2 spriggan defenders (Depths:2)
  4 draconian shifters
  5 orc warlords
  Louise (Spider:3)
  18 vault wardens
  4 ghost moths
  A cacodemon (Zot:2)
  5 draconian annihilators
  A curse skull (Crypt:1)
  2 draconian stormcallers
  11 ironbound preservers
  17 very ugly things
  14 ghouls
  A spectral caustic shrike (Depths:3)
  8 quicksilver oozes
  28 stone giants
  A reaper (Depths:2)
  2 broodmothers
  A starflower (Abyss:5)
  8 war gargoyles
  47 starcursed masses (Abyss:5)
  6 ironbound thunderhulks
  12 red draconians
  18 black draconians
  7 purple draconians
  8 yellow draconians
  10 deep elf demonologists
  3 putrid mouths (Depths:4)
  4 entropy weavers
  4 green draconians
  16 vampire knights
  5 white draconians
  12 dire elephants
  Azrael (D:14)
  5 deep elf annihilators
  A green death (Abyss:5)
  6 eidola
  6 spark wasps
  11 ettins
  5 crystal guardians
  12 deep elf death magi
  2 jiangshi (Crypt:2)
  A spectral quicksilver dragon (Depths:3)
  9 merfolk javelineers
  14 fire dragons
  5 deep elf high priests
  10 merfolk impalers
  2 spectral golden dragons (Depths:3)
  17 yaktaur captains
  Harold (D:9)
  42 vault guards
  9 ice dragons
  3 rakshasas
  8 great orbs of eyes
  A spriggan zombie (Crypt:3)
  7 boulder beetles
  A peacekeeper (Vaults:3)
  A jorogumo (Spider:4)
  4 hydras
  A spectral spriggan (Depths:3)
  2 spectral sphinxes (Depths:3)
  2 merfolk avatars
  2 spectral shadow dragons (Depths:3)
  3 spectral tengu (Depths:3)
  7 ironbound frosthearts
  4 spriggan air magi
  A radroach (Spider:4)
  A fenstrider witch skeleton (Crypt:1)
  2 ogre magi
  3 merfolk aquamancers
  2 alligator snapping turtles
  2 spectral fire giants (Depths:3)
  6 death knights
  26 two-headed ogres
  A satyr (Shoals:4)
  35 dancing weapons
  A catoblepas (Lair:1)
  16 centaur warriors
  5 deep troll shamans
  A spectral frost giant (Depths:3)
  5 tengu warriors
  A hell hog (Depths:4)
  3 spectral storm dragons (Depths:3)
  A titan zombie (Crypt:3)
  7 spriggan berserkers
  9 vampire magi
  Urug (Orc:2)
  24 thrashing horrors
  5 deep troll earth magi
  5 soul eaters
  5 orc high priests
  13 deep elf knights
  A shock serpent (shapeshifter) (Vaults:3)
  24 skeletal warriors
  11 wretched stars (Abyss:5)
  6 hell knights (Crypt:3)
  2 death drakes (Depths:3)
  2 sixfirhies
  5 pharaoh ants
  A spectral spark wasp (Depths:3)
  A bunyip zombie (Crypt:1)
  3 iron trolls
  4 sun moths
  10 sea snakes
  A quicksilver dragon simulacrum (Depths:3)
  4 steelbarb worms
  A shadow demon (Abyss:5)
  9 orb spiders
  3 orange crystal statues
  6 flayed ghosts
  A bunyip skeleton (Crypt:3)
  35 deep trolls
  11 deep elf archers
  3 bog bodies
  A spectral iron dragon (Depths:3)
  Pikel (D:4)
  13 glowing orange brains
  18 wizards
  14 wolf spiders
  22 deep elf pyromancers
  12 harpies
  22 deep elf zephyrmancers
  18 ironbound convokers
  A mana viper (shapeshifter) (Vaults:5)
  6 necromancers (Crypt:3)
  13 phantasmal warriors
  11 lindwurms
  14 orc knights
  An oklob plant (Lair:2)
  23 fauns
  7 orc sorcerers
  A will-o-the-wisp (Abyss:5)
  9 shining eyes
  30 cyclopes
  A stone giant zombie (Crypt:3)
  3 worldbinders
  A salamander (Depths:4)
  31 ugly things
  12 manticores
  2 rust devils
  18 moths of wrath
  5 toenail golems (Volcano)
  An apocalypse crab (Abyss:5)
  An ice statue (IceCv)
  7 merfolk sirens
  5 smoke demons (Abyss:5)
  12 water nymphs
  A dire elephant zombie (Crypt:3)
  6 black mambas
  2 molten gargoyles (Lair:5)
  4 torpor snails
  18 vault sentinels
  A water nymph (shapeshifter) (Vaults:5)
  3 titan simulacra (Depths:3)
  A storm dragon simulacrum (Depths:3)
  2 eyes of devastation (Slime:4)
  4 cane toads
  A gargoyle (D:12)
  A hellion (Depths:2)
  6 demonic crawlers
  38 yaktaurs
  2 efreet
  5 kobold demonologists
  2 rime drakes
  8 freezing wraiths
  9 komodo dragons
  A hellwing (Depths:2)
  3 tengu conjurers (Depths:2)
  An ice devil (Depths:2)
  3 spectral glowing shapeshifters (Depths:3)
  A black draconian skeleton (Crypt:2)
  6 ancient zymes
  A death yak skeleton (Crypt:2)
  A red devil (Depths:2)
  A tormentor (Depths:4)
  2 golden dragon simulacra (Depths:3)
  A spectral human (Depths:3)
  10 polar bears
  A grey draconian skeleton (Crypt:2)
  A merfolk (shapeshifter) (Vaults:5)
  17 merfolk
  9 trolls
  2 shadow dragon simulacra (Depths:3)
  2 sphinx simulacra (Depths:3)
  8 wind drakes
  A queen bee (Lair:2)
  3 meliai (Spider:2)
  29 tarantellas
  A hornet (D:9)
  A tengu simulacrum (Depths:3)
  A wind drake (shapeshifter) (Vaults:4)
  A raiju (shapeshifter) (D:15)
  82 slime creatures
  16 dream sheep
  A blink frog (shapeshifter) (D:14)
  14 blink frogs
  An ice dragon zombie (Crypt:1)
  9 raiju (Abyss:5)
  6 snapping turtles
  A spectral floating eye (Depths:3)
  An iron dragon simulacrum (Depths:3)
  A dream sheep (shapeshifter) (Vaults:4)
  41 flying skulls
  6 air elementals
  Sigmund (D:4)
  A centaur simulacrum (D:15)
  2 vampires
  24 jumping spiders
  19 culicivoras
  7 wyverns
  4 ynoxinuls
  15 wraiths
  Eustachio (D:6)
  2 chaos spawn
  7 shadows
  26 water elementals
  4 golden eyes
  15 large abominations
  3 steam dragons
  7 basilisks
  4 neqoxecs (Abyss:5)
  31 yaks
  5 fire elementals
  2 fire bats (Abyss:5)
  11 vampire mosquitoes
  A naga zombie (Crypt:3)
  36 redbacks
  2 death yak simulacra (IceCv)
  5 wargs
  An acid dragon (D:11)
  Duvessa (D:7)
  A demonspawn skeleton (Crypt:2)
  4 floating eyes
  6 water moccasins
  8 hell hounds
  A deep troll skeleton (Crypt:1)
  A hydra simulacrum (IceCv)
  15 black bears
  2 ice beasts
  32 orc warriors
  23 ogres
  A lindwurm skeleton (Crypt:2)
  19 wolves
  A rime drake zombie (Crypt:1)
  12 centaurs
  A phantom (D:7)
  A wolf (shapeshifter) (Vaults:5)
  6 kobold brigands
  10 bullfrogs
  A vine stalker zombie (Crypt:2)
  Blork the orc (D:4)
  A draconian zombie (Crypt:2)
  4 earth elementals
  A yaktaur skeleton (Crypt:2)
  15 necrophages
  3 scorpions
  7 two-headed ogre simulacra (IceCv)
  7 wights
  6 small abominations
  Dowan (D:7)
  4 elephant simulacra (IceCv)
  32 killer bees
  8 howler monkeys
  3 spriggan skeletons
  An electric eel (D:11)
  4 lava snakes (Lair:5)
  4 hounds
  An iron imp (Abyss:4)
  17 orc priests
  4 jellies
  A basilisk skeleton (Crypt:1)
  28 orc wizards
  Ijyb (D:5)
  A gnoll bouda (D:10)
  7 iguanas
  3 polar bear simulacra (IceCv)
  10 spriggan simulacra
  5 troll simulacra (IceCv)
  A boggart skeleton (Crypt:2)
  A wolf simulacrum (IceCv)
  An acid dragon skeleton (Crypt:1)
  A hound zombie (Crypt:1)
  3 gnolls (D:10)
  14 adders
  3 naga simulacra (IceCv)
  21 white imps
  6 ufetubi
  6 worms
  5 dart slugs
  82 orcs
  6 bats
  7 endoplasms
  4 giant cockroaches
  5 goblins
  9 hobgoblins
  5 jackals
  4 quokkas
  8 ball pythons
  4 frilled lizards
  28 kobolds
  An orc skeleton (Crypt:1)
  3 rats
  A fungus (Elf:1)
  A lurking horror (Abyss:5)
  A plant (Shoals:4)
2622 creatures vanquished.

Vanquished Creatures (collateral kills)
  Saint Roka (Orc:2)
  A Killer Klown (Zot:5)
  A caustic shrike (Depths:2)
  2 sphinxes
  An acid blob (Slime:4)
  A draconian knight (Zot:5)
  A vault warden (Vaults:4)
  2 fire giants
  A spectral caustic shrike (Depths:3)
  A spectral juggernaut (Depths:3)
  An ironbound preserver (Vaults:1)
  A reaper (IceCv)
  A spriggan defender (Depths:2)
  A war gargoyle (Vaults:4)
  A green draconian (Zot:5)
  2 spark wasps (Depths:2)
  An eidolon (Depths:3)
  2 merfolk impalers (Shoals:4)
  A deep elf death mage (Depths:3)
  A fire dragon (Depths:3)
  A yaktaur captain (Vaults:1)
  A rakshasa (Depths:2)
  An ironbound frostheart (Vaults:4)
  A merfolk avatar (Shoals:4)
  A centaur warrior (Vaults:2)
  2 tengu warriors (D:12)
  A spriggan (Depths:2)
  4 skeletal warriors (D:12)
  3 deep trolls (Vaults:1)
  A quicksilver dragon simulacrum (Depths:3)
  A wizard (Vaults:4)
  A glowing orange brain (Vaults:1)
  An ironbound convoker (Vaults:1)
  A phantasmal warrior (Vaults:4)
  A manticore (Shoals:4)
  An ugly thing (Vaults:4)
  A titan simulacrum (Depths:3)
  2 vault sentinels (Vaults:4)
  3 water nymphs (Shoals:4)
  A yaktaur (Vaults:1)
  2 anaconda simulacra (IceCv)
  3 merfolk (Shoals:4)
  A hornet (Depths:2)
  A snapping turtle (Shoals:4)
  A dream sheep (Shoals:2)
  A wind drake (Shoals:2)
  3 slime creatures
  2 air elementals (Shoals:4)
  2 redbacks (Spider:4)
  4 orc warriors (Orc:2)
  A two-headed ogre simulacrum (IceCv)
  2 orc priests (Orc:2)
  A wolf simulacrum (IceCv)
  An orc (Orc:2)
78 creatures vanquished.

Vanquished Creatures (others)
  A draconian stormcaller (Zot:5)
  A vampire knight (Depths:4)
  A satyr (Shoals:2)
  A deep troll (Crypt:1)
  A demonic crawler (Spider:4)
  A lava snake (Lair:5)
  A starcursed mass (Abyss:5)
  An orc wizard (Orc:2)
  4 orcs
  An endoplasm (D:3)
  A kobold (D:3)
  A quokka (D:3)
  6 foxfires (Abyss:5)
  29 fungi
  80 plants
  12 starspawn tentacles
142 creatures vanquished.

Grand Total: 2842 creatures vanquished

Notes
Turn   | Place    | Note
-------+----------+-------------------------------------------
     0 | D:1      | Dawnplanks the Gargoyle Berserker began the quest for the
                  | Orb.
     0 | D:1      | Reached XP level 1. HP: 14/14 MP: 1/1
   177 | D:1      | Reached XP level 2. HP: 17/19 MP: 2/2
   305 | D:1      | Found a faded altar of an unknown god.
  1133 | D:2      | Reached XP level 3. HP: 19/24 MP: 3/3
  1740 | D:2      | Found a radiant altar of Vehumet.
  1893 | D:2      | Reached ** piety under Trog
  1920 | D:2      | Reached XP level 4. HP: 29/29 MP: 4/4
  2306 | D:3      | Reached XP level 5. HP: 31/34 MP: 5/5
  2389 | D:3      | Found a shimmering altar of Xom.
  3139 | D:3      | Found a bloodstained altar of Trog.
  3139 | D:3      | Found an iron altar of Okawaru.
  3525 | D:4      | Noticed Blork the orc
  3544 | D:4      | Killed Blork the orc
  3545 | D:4      | Reached skill level 5 in Maces & Flails
  3545 | D:4      | Reached skill level 1 in Shields
  3545 | D:4      | Reached XP level 6. HP: 33/39 MP: 6/6
  3757 | D:4      | Found a shimmering blue altar of Sif Muna.
  3757 | D:4      | Found a white marble altar of Elyvilon.
  3906 | D:4      | Found a staircase to the Ecumenical Temple.
  3942 | Temple   | Entered the Ecumenical Temple
  4416 | D:4      | Noticed Sigmund
  4443 | D:4      | Killed Sigmund
  4444 | D:4      | Reached XP level 7. HP: 8/44 MP: 7/7
  4727 | D:4      | Reached *** piety under Trog
  4737 | D:4      | Noticed Pikel
  4764 | D:4      | Killed Pikel
  4765 | D:4      | Reached skill level 5 in Fighting
  4765 | D:4      | Reached XP level 8. HP: 48/49 MP: 8/8
  5016 | D:4      | Reached skill level 5 in Armour
  5199 | D:5      | Entered Level 5 of the Dungeon
  5610 | D:5      | Noticed Ijyb
  5620 | D:5      | Killed Ijyb
  6439 | D:6      | Reached XP level 9. HP: 39/55 MP: 9/9
  6459 | D:6      | HP: 1/82 [orc warrior/+0 battleaxe (8)]
  6464 | D:6      | HP: 1/82 [orc warrior/+0 battleaxe (1)]
  7048 | D:6      | You fall into a shaft and drop 1 floor!
  7088 | D:6      | Identified the +3 buckler of the Guardian {Regen+ Str+4
                  | Slay+4 SInv}
  7107 | D:6      | Noticed Eustachio
  7167 | D:6      | Killed Eustachio
  7660 | D:7      | Reached **** piety under Trog
  7692 | D:7      | Noticed Dowan
  7692 | D:7      | Noticed Duvessa
  7696 | D:7      | Killed Dowan
  7705 | D:7      | Killed Duvessa
  7706 | D:7      | Reached skill level 5 in Axes
  8033 | D:8      | Reached skill level 5 in Shields
  8033 | D:8      | Reached XP level 10. HP: 61/61 MP: 10/10
  8307 | D:8      | Found an ornate altar of the Wu Jian Council.
  8746 | D:9      | Noticed a wizard
  8761 | D:9      | Killed a wizard
  8960 | D:9      | Noticed Harold
  8972 | D:9      | Killed Harold
  8973 | D:9      | Reached XP level 11. HP: 68/68 MP: 11/11
  9045 | D:9      | Reached ***** piety under Trog
  9449 | D:10     | Entered Level 10 of the Dungeon
  9462 | D:10     | Noticed a two-headed ogre
  9480 | D:10     | Killed a two-headed ogre
  9628 | D:10     | Found a staircase to the Lair.
  9687 | D:10     | Noticed a two-headed ogre
  9692 | D:10     | Killed a two-headed ogre
  9693 | D:10     | Reached skill level 10 in Axes
  9794 | D:10     | Noticed a manticore
  9800 | D:10     | Killed a manticore
  9807 | D:10     | Noticed a boulder beetle
  9831 | D:10     | Killed a boulder beetle
  9834 | D:10     | Noticed a centaur warrior
  9843 | D:10     | Killed a centaur warrior
  9987 | D:10     | Reached XP level 12. HP: 74/75 MP: 12/12
  9990 | D:10     | Found Joerghaqe's Distillery.
  9999 | D:10     | Bought a potion of might for 48 gold pieces
  9999 | D:10     | Bought a potion of mutation for 96 gold pieces
  9999 | D:10     | Bought a potion of resistance for 120 gold pieces
 10282 | D:11     | Noticed a two-headed ogre
 10285 | D:11     | Noticed a two-headed ogre
 10289 | D:11     | Killed a two-headed ogre
 10292 | D:11     | Killed a two-headed ogre
 10434 | D:11     | Identified the +2 pair of gloves of the End {Harm Int+8}
 10482 | D:11     | Noticed a two-headed ogre
 10492 | D:11     | Killed a two-headed ogre
 10613 | D:11     | Found a frozen archway.
 10641 | IceCv    | Entered an ice cave
 11258 | IceCv    | Noticed a reaper
 11264 | IceCv    | Reached skill level 1 in Throwing
 11266 | IceCv    | Killed a reaper
 11746 | D:11     | Noticed a tengu warrior
 11756 | D:11     | Killed a tengu warrior
 11799 | D:11     | Reached skill level 10 in Fighting
 11826 | D:11     | Reached XP level 13. HP: 57/82 MP: 13/13
 12001 | D:11     | Reached skill level 10 in Shields
 12097 | D:11     | Found a staircase to the Orcish Mines.
 12588 | D:12     | Received a gift from Trog
 13350 | Lair:1   | Entered Level 1 of the Lair of Beasts
 14338 | Lair:2   | Found a staircase to the Shoals.
 14738 | Lair:2   | Reached skill level 5 in Dodging
 14904 | Lair:2   | Gained mutation: Your large and strong wings let you fly.
                  | [Gargoyle growth]
 14904 | Lair:2   | Reached XP level 14. HP: 90/90 MP: 4/14
 15194 | Lair:2   | Found a hide-covered altar of Uskayaw.
 15441 | Lair:3   | Found a hole to the Spider Nest.
 15611 | Lair:3   | Found a dark tunnel.
 15621 | Volcano  | Entered a volcano
 15660 | Volcano  | Reached skill level 10 in Maces & Flails
 15663 | Volcano  | Received a gift from Trog
 15901 | Volcano  | Reached ****** piety under Trog
 16189 | Lair:3   | Reached XP level 15. HP: 95/95 MP: 15/15
 16615 | Lair:4   | Found a staircase to the Slime Pits.
 16674 | Lair:4   | Noticed an azure jelly
 16690 | Lair:4   | Killed an azure jelly
 17333 | Lair:5   | Entered Level 5 of the Lair of Beasts
 17568 | Lair:5   | Found a large runed translucent door.
 17631 | Lair:5   | Found a large runed translucent door.
 18128 | Orc:1    | Entered Level 1 of the Orcish Mines
 18194 | Orc:2    | Entered Level 2 of the Orcish Mines
 18197 | Orc:2    | Noticed Urug
 18217 | Orc:2    | Killed Urug
 18217 | Orc:2    | Received a gift from Trog
 18271 | Orc:2    | Noticed Donald
 18310 | Orc:2    | Noticed Saint Roka
 18377 | Orc:1    | Killed Donald
 18798 | Orc:2    | Killed Saint Roka
 18801 | Orc:2    | Reached XP level 16. HP: 58/103 MP: 16/16
 19038 | Orc:2    | Found Xopp's Jewellery Boutique.
 19092 | Orc:2    | Found Raidew's General Store.
 19136 | Orc:2    | Found a staircase to the Elven Halls.
 19208 | Orc:2    | Found Lilaqois's Antique Armour Boutique.
 19223 | Orc:2    | Found Neferigo's Antique Weapon Boutique.
 19230 | Orc:2    | Bought a transparent mace for 168 gold pieces
 19230 | Orc:2    | Identified the +10 mace "Cuaz" {venom, rPois rC+ rN+ Str+3}
                  | (You bought it in a shop on level 2 of the Orcish Mines)
 20037 | D:13     | Found a gate to the Vaults.
 20245 | D:13     | Reached skill level 10 in Armour
 20849 | D:14     | Noticed Frances
 20862 | D:14     | Killed Frances
 20868 | D:14     | Found a portal to a secret trove of treasure.
 20986 | D:14     | Received a gift from Trog
 21128 | D:14     | Noticed Azrael
 21153 | D:14     | Killed Azrael
 21317 | D:15     | Entered Level 15 of the Dungeon
 21637 | D:15     | Reached skill level 15 in Shields
 21737 | D:15     | Found a staircase to the Depths.
 22319 | Spider:1 | Entered Level 1 of the Spider Nest
 22440 | Spider:1 | Reached XP level 17. HP: 97/112 MP: 17/17
 22960 | Spider:2 | Received a gift from Trog
 22967 | Spider:2 | Identified the +0 pair of gloves "Inimmejodd" {Harm rC+
                  | rCorr Dex+2}
 23428 | Spider:2 | Identified the +0 ring mail of the Comet {Int+5 SInv}
 24263 | Spider:3 | Reached skill level 15 in Fighting
 24462 | Spider:3 | Noticed Louise
 24485 | Spider:3 | Killed Louise
 24657 | Spider:3 | Got Umaixun's Treatise on Striking
 24841 | Spider:3 | Received a gift from Trog
 24873 | Spider:3 | Identified a scroll of acquirement
 24874 | Spider:3 | Acquired a manual of Fighting
 24934 | Spider:4 | Entered Level 4 of the Spider Nest
 25256 | Spider:3 | Reached skill level 15 in Maces & Flails
 25405 | Spider:4 | Noticed Arachne
 25425 | Spider:4 | Killed Arachne
 25426 | Spider:4 | Reached XP level 18. HP: 90/120 MP: 18/18
 25770 | Spider:4 | Found a hide-covered altar of Uskayaw.
 25859 | Spider:4 | Got a gossamer rune of Zot
 25868 | Spider:4 | Reached XP level 19. HP: 130/130 MP: 19/19
 26180 | Vaults:1 | Entered Level 1 of the Vaults
 26523 | Vaults:1 | Received a gift from Trog
 27008 | Vaults:1 | You are sucked into a shaft and drop 1 floor!
 27073 | Vaults:2 | Received a gift from Trog
 27359 | Vaults:2 | Found Irummaimal's Antique Weapon Boutique.
 27567 | Vaults:1 | Found a transporter.
 27611 | Vaults:1 | Found a transporter.
 28158 | Vaults:1 | Gained mutation: You are partially covered in iridescent
                  | scales. (AC +2) [potion of mutation]
 28183 | Vaults:1 | Identified the ring "Loasouck" {rPois rF+ rN+ AC+4 Int-5}
 28196 | Vaults:1 | Identified the ring "Eggiqudgh" {Contam rElec rC+ Dex+2}
 28344 | Vaults:2 | Received a gift from Trog
 28402 | Vaults:2 | Reached XP level 20. HP: 133/140 MP: 20/20
 29366 | Vaults:2 | Received a gift from Trog
 29670 | Vaults:3 | Found Jiowocad's Weapon Shoppe.
 30165 | Vaults:3 | Found a staircase to the Crypt.
 30454 | Vaults:3 | Received a gift from Trog
 31517 | Vaults:4 | Reached XP level 21. HP: 114/148 MP: 21/21
 33117 | Shoals:1 | Entered Level 1 of the Shoals
 33150 | Shoals:1 | Identified the +0 ring mail of the Known World {Rampage
                  | rElec Int+3}
 33935 | Shoals:1 | Noticed Aizul
 33952 | Shoals:1 | Killed Aizul
 34505 | Shoals:2 | Received a gift from Trog
 34807 | Shoals:2 | Identified the +5 leather armour of Soft Rains {Will- rCorr
                  | Int+6}
 35410 | Shoals:3 | Noticed Nikola
 35466 | Shoals:3 | Killed Nikola
 36609 | Shoals:4 | Entered Level 4 of the Shoals
 36690 | Shoals:4 | Paralysed by an air elemental for 1 turns
 37040 | Shoals:4 | Paralysed by an air elemental for 1 turns
 37285 | Shoals:4 | Got a barnacled rune of Zot
 37305 | Shoals:4 | Got the Commentary on the Breezy Commander
 37312 | Shoals:4 | Got the Treatise on Geology and Shifting
 37522 | Shoals:4 | Paralysed by an air elemental for 1 turns
 37526 | Shoals:4 | Identified the +13 broad axe of Absolution {antimagic, rN+
                  | rCorr} (Trog gifted it to you on level 4 of the Shoals)
 37526 | Shoals:4 | Received a gift from Trog
 37842 | Shoals:4 | Reached XP level 22. HP: 128/156 MP: 3/22
 38190 | Elf:1    | Entered Level 1 of the Elven Halls
 38404 | Elf:1    | Noticed Asterion
 38420 | Elf:1    | Killed Asterion
 38902 | Elf:1    | Received a gift from Trog
 39067 | Elf:1    | Found a runed translucent gate.
 39067 | Elf:1    | Found a runed translucent gate.
 39067 | Elf:1    | Found a runed translucent gate.
 39067 | Elf:1    | Found a runed translucent gate.
 39067 | Elf:1    | Found a runed translucent gate.
 39068 | Elf:1    | Found a runed translucent gate.
 39616 | Elf:2    | Paralysed by an air elemental for 1 turns
 39944 | Elf:2    | Found a runed translucent gate.
 39945 | Elf:2    | Found a runed translucent gate.
 39945 | Elf:2    | Found a runed translucent gate.
 40871 | Elf:2    | Received a gift from Trog
 40984 | Abyss:3  | Found a shimmering blue altar of Sif Muna.
 40984 | Abyss:3  | Cast into level 3 of the Abyss (+0 bardiche of distortion)
 41080 | Elf:2    | Escaped the Abyss
 41670 | Depths:1 | Entered Level 1 of the Depths
 41706 | Depths:1 | Paralysed by a floating eye for 4 turns
 42060 | Depths:1 | Found a gateway to Hell.
 42415 | Depths:1 | Found a burning altar of Makhleb.
 42749 | Depths:1 | Identified the +6 great mace of the Augurer {holy, Str-2
                  | Dex+6}
 42890 | Depths:2 | Found Eloetos Vamu's Antique Armour Shop.
 42934 | Depths:2 | Bought a shiny helmet for 307 gold pieces
 43400 | Depths:2 | Identified the +5 long sword "Dinour" {elec, rC+ rN+ Str-3
                  | Int+2}
 43610 | Depths:2 | Reached XP level 23. HP: 131/164 MP: 5/23
 43631 | Depths:2 | Reached skill level 15 in Armour
 43862 | Depths:2 | Identified the ring of Ujatufell {rPois rN+ rCorr Str+3}
 44086 | Depths:2 | Found a one-way gate leading to the halls of Pandemonium.
 44424 | Depths:2 | Received a gift from Trog
 45594 | Depths:2 | Noticed a caustic shrike
 45596 | Depths:2 | Noticed the Enchantress
 45597 | Depths:2 | Noticed a caustic shrike
 45611 | Depths:2 | Killed a caustic shrike
 45637 | Depths:2 | Killed a caustic shrike
 45640 | Depths:2 | Killed the Enchantress
 46204 | Depths:3 | Received a gift from Trog
 46568 | Depths:3 | Noticed an ancient lich
 46582 | Depths:3 | Killed an ancient lich
 46726 | Depths:3 | Got the Meditations on the Overcast Traveller
 46730 | Depths:3 | Reached XP level 24. HP: 173/173 MP: 2/23
 46822 | Depths:3 | Reached XP level 25. HP: 170/178 MP: 0/23
 47145 | Depths:3 | Found a one-way gate to the infinite horrors of the Abyss.
 47169 | Depths:3 | Received a gift from Trog
 47446 | Depths:3 | Paralysed by a floating eye for 3 turns
 47455 | Depths:3 | Paralysed by a floating eye for 2 turns
 47827 | Depths:3 | Lost mutation: You are partially covered in iridescent
                  | scales. (AC +2) [potion of mutation]
 47827 | Depths:3 | Gained mutation: You have supernaturally acute eyesight.
                  | (SInv) [potion of mutation]
 47827 | Depths:3 | Gained mutation: Your magical capacity is low. (-10% MP)
                  | [potion of mutation]
 47828 | Depths:3 | Lost mutation: Your magical capacity is low. (-10% MP)
                  | [potion of mutation]
 47828 | Depths:3 | Lost mutation: You have supernaturally acute eyesight.
                  | (SInv) [potion of mutation]
 47828 | Depths:3 | Gained mutation: Your body sometimes deteriorates upon
                  | taking damage. [potion of mutation]
 47828 | Depths:3 | Gained mutation: You are weak. (Str -2) [potion of
                  | mutation]
 47828 | Depths:3 | Gained mutation: A frigid envelope surrounds you and
                  | freezes all who hurt you. [potion of mutation]
 47829 | Depths:3 | Lost mutation: A frigid envelope surrounds you and freezes
                  | all who hurt you. [potion of mutation]
 47829 | Depths:3 | Lost mutation: Your body sometimes deteriorates upon taking
                  | damage. [potion of mutation]
 47829 | Depths:3 | Lost mutation: You are weak. (Str -2) [potion of mutation]
 47829 | Depths:3 | Gained mutation: You possess an exceptional clarity of
                  | mind. [potion of mutation]
 47829 | Depths:3 | Gained mutation: You are partially covered in iridescent
                  | scales. (AC +2) [potion of mutation]
 48275 | Depths:4 | Entered Level 4 of the Depths
 48305 | Depths:4 | Paralysed by a floating eye for 4 turns
 48318 | Depths:4 | Paralysed by a floating eye for 4 turns
 48431 | Depths:4 | Found a one-way gateway to a ziggurat.
 48448 | Depths:4 | Noticed Parghit
 48481 | Depths:4 | Killed Parghit
 48876 | Depths:4 | Noticed Grunn
 48899 | Depths:4 | Received a gift from Trog
 49110 | Depths:4 | Killed Grunn
 49600 | Depths:4 | Found a gate to the Realm of Zot.
 49622 | Depths:4 | Identified the +3 sling "Naergh" {vorpal, rElec Str+2}
 50659 | Elf:3    | Entered Level 3 of the Elven Halls
 50818 | Elf:3    | Identified the +9 falchion "Dawnplanks's Death" {vorpal,
                  | rElec rF++ Will- rCorr}
 50917 | Elf:3    | Found Dynocet's Antique Armour Emporium.
 50925 | Elf:3    | Bought a glowing cloak for 202 gold pieces
 50925 | Elf:3    | Bought an ancient scale mail for 243 gold pieces
 50925 | Elf:3    | Identified the +1 scale mail of the Poles {+Blink Will+
                  | Int+3 Dex+2} (You bought it in a shop on level 3 of the
                  | Elven Halls)
 50925 | Elf:3    | Bought a shiny plate armour for 702 gold pieces
 51054 | Elf:3    | Paralysed by an air elemental for 1 turns
 51171 | Elf:3    | Identified the +4 hand axe of Usuud {vorpal, Will+ Dex+3
                  | SInv}
 51195 | Elf:3    | Identified the +6 bardiche "Vupt" {drain, rPois}
 51205 | Elf:3    | Identified the amulet of Cynicism {Acrobat rC+}
 51208 | Elf:3    | Identified the ring "Kirhum" {rElec Will- rCorr Str-5 SInv}
 51228 | Elf:3    | Received a gift from Trog
 51378 | Elf:3    | Reached XP level 26. HP: 125/188 MP: 0/23
 51466 | Elf:3    | Gained mutation: You have hidden genetic defects. [a
                  | cacodemon]
 51550 | Elf:3    | Identified the +1 battleaxe of Greed {flame, *Noise rPois
                  | rC+}
 51669 | Elf:3    | Identified the +10 scale mail of the Garden {Fly Str-5
                  | Int+5}
 52187 | Vaults:5 | Entered Level 5 of the Vaults
 52532 | Vaults:5 | Noticed Mara
 52541 | Vaults:5 | Noticed Dawnplanks's illusion
 52545 | Vaults:4 | Received a gift from Trog
 52697 | Vaults:4 | Noticed Dawnplanks's illusion
 52701 | Vaults:4 | Killed Mara
 52711 | Vaults:4 | Gained mutation: You are frail. (-10% HP) [hidden defects]
 54446 | Vaults:4 | Gained mutation: You are very frail. (-20% HP) [hidden
                  | defects]
 54446 | Vaults:4 | Lost mutation: You have hidden genetic defects. [hidden
                  | defects expressed]
 54487 | Vaults:5 | Identified the ring "Cyroxei" {rCorr Int+5}
 54542 | Vaults:5 | Identified the +9 mace of Heilabaf {antimagic, rElec Str+3}
 54569 | Vaults:5 | Identified the amulet of Checkmate {+Inv Regen+ Stlth+}
 54646 | Vaults:5 | Received a gift from Trog
 54713 | Vaults:5 | Identified the +10 battleaxe "Cyudit" {protect, rF+ Str+4
                  | Int-5}
 55043 | Vaults:5 | Identified the +4 short sword of Welfare {freeze, rPois
                  | rN+}
 55092 | Vaults:5 | Identified the +4 plate armour "Cuzimao" {rF+ Int+3}
 55817 | Vaults:5 | Got a silver rune of Zot
 56063 | Vaults:5 | Lost mutation: You are very frail. (-20% HP) [potion of
                  | mutation]
 56063 | Vaults:5 | Lost mutation: You possess an exceptional clarity of mind.
                  | [potion of mutation]
 56063 | Vaults:5 | Gained mutation: You occasionally lose the ability to read
                  | scrolls when taking damage. [potion of mutation]
 56063 | Vaults:5 | Gained mutation: Armour fits poorly on your strangely
                  | shaped body. [potion of mutation]
 56063 | Vaults:5 | Gained mutation: You are agile. (Dex +4, Str/Int -1)
                  | [potion of mutation]
 56064 | Vaults:5 | Lost mutation: Armour fits poorly on your strangely shaped
                  | body. [potion of mutation]
 56064 | Vaults:5 | Lost mutation: You are partially covered in iridescent
                  | scales. (AC +2) [potion of mutation]
 56064 | Vaults:5 | Lost mutation: You are agile. (Dex +4, Str/Int -1) [potion
                  | of mutation]
 56064 | Vaults:5 | Gained mutation: Your spells are a little harder to cast,
                  | but a little more powerful. [potion of mutation]
 56064 | Vaults:5 | Gained mutation: You are partially covered in iridescent
                  | scales. (AC +2) [potion of mutation]
 56065 | Vaults:5 | Lost mutation: You are frail. (-10% HP) [potion of
                  | mutation]
 56065 | Vaults:5 | Lost mutation: You occasionally lose the ability to read
                  | scrolls when taking damage. [potion of mutation]
 56065 | Vaults:5 | Lost mutation: You are partially covered in iridescent
                  | scales. (AC +2) [potion of mutation]
 56065 | Vaults:5 | Gained mutation: Your flesh is heat resistant. (rF+)
                  | [potion of mutation]
 56447 | Temple   | Fell from the grace of Trog
 56447 | Temple   | Became a worshipper of the Shining One
 56858 | Depths:4 | Voluntarily entered the Abyss.
 57062 | Abyss:5  | Reached * piety under the Shining One
 57147 | Abyss:5  | Reached XP level 27. HP: 136/156 MP: 0/23
 57194 | Abyss:5  | Reached ** piety under the Shining One
 57340 | Abyss:5  | Paralysed by accursed screaming for 1 turns
 57353 | Abyss:5  | Paralysed by accursed screaming for 1 turns
 57361 | Abyss:5  | Paralysed by accursed screaming for 1 turns
 57388 | Abyss:5  | Paralysed by accursed screaming for 1 turns
 57410 | Abyss:5  | Reached *** piety under the Shining One
 57570 | Depths:4 | Escaped the Abyss
 57848 | D:10     | Bought a potion of heal wounds for 60 gold pieces
 57848 | D:10     | Bought a potion of heal wounds for 60 gold pieces
 57848 | D:10     | Bought a potion of curing for 36 gold pieces
 57848 | D:10     | Bought a potion of curing for 36 gold pieces
 58030 | Crypt:1  | Entered Level 1 of the Crypt
 58030 | Crypt:1  | You are sucked into a shaft and drop 1 floor!
 58030 | Crypt:2  | Noticed Bai Suzhen
 58030 | Crypt:2  | Reached **** piety under the Shining One
 58050 | Crypt:2  | Killed Bai Suzhen
 58259 | Crypt:2  | Identified the +0 plate armour of Disaster {Rampage
                  | *Corrode Str+6 Dex-5}
 58434 | Crypt:2  | Noticed Sojobo
 58434 | Crypt:2  | Reached ***** piety under the Shining One
 58449 | Crypt:2  | Paralysed by an air elemental for 1 turns
 58453 | Crypt:2  | Paralysed by an air elemental for 1 turns
 58464 | Crypt:2  | Killed Sojobo
 58752 | Crypt:2  | Noticed Vv
 58779 | Crypt:2  | Killed Vv
 59040 | Crypt:2  | Reached skill level 27 in Shields
 59498 | Crypt:1  | Reached skill level 1 in Invocations
 59518 | Crypt:1  | Reached ****** piety under the Shining One
 59742 | Crypt:2  | Identified a +9 sacred scourge of holy wrath (a +9 demon
                  | whip of freezing blessed by the Shining One)
 59742 | Crypt:2  | Received a gift from the Shining One
 60456 | Crypt:1  | Reached skill level 5 in Invocations
 60912 | Crypt:3  | Entered Level 3 of the Crypt
 61354 | Crypt:3  | Reached skill level 27 in Fighting
 61784 | Crypt:3  | Found an ancient bone altar of Kikubaaqudgha.
 61786 | Crypt:3  | Noticed an ancient lich
 61793 | Crypt:3  | Killed an ancient lich
 61804 | Crypt:3  | Identified the ring of Ammey {rF+ rN+ Str+6}
 61804 | Crypt:3  | Identified the ring "Napum" {rPois rF+ rN+ Dex-5}
 61804 | Crypt:3  | Identified the ring "Wuth" {rElec rN+ Will++ Slay+4}
 61936 | Crypt:3  | Paralysed by Trog for 7 turns
 62128 | Crypt:3  | Found a staircase to the Tomb.
 62676 | Depths:4 | Voluntarily entered the Abyss.
 62681 | Abyss:5  | Paralysed by accursed screaming for 1 turns
 62690 | Abyss:5  | Paralysed by accursed screaming for 2 turns
 62702 | Abyss:5  | Got an abyssal rune of Zot
 62707 | Abyss:5  | Paralysed by accursed screaming for 2 turns
 62723 | Abyss:5  | Paralysed by accursed screaming for 1 turns
 62931 | Depths:4 | Escaped the Abyss
 63076 | D:14     | You showed the abyssal rune of Zot to enter a treasure
                  | trove
 63077 | Trove    | Entered a treasure trove
 63097 | Trove    | Identified the +6 chain mail of the Iron Devil {rC+ rCorr
                  | Str+2}
 63099 | Trove    | Gained mutation: Your magical capacity is low. (-10% MP) [a
                  | shining eye]
 63100 | Trove    | Gained mutation: Your body sometimes deteriorates upon
                  | taking damage. [a shining eye]
 63132 | Trove    | Identified the +2 helmet of the Bells {Regen+ Str+3}
 63588 | Slime:1  | Entered Level 1 of the Pits of Slime
 63637 | Slime:1  | Reached skill level 10 in Invocations
 63983 | Slime:2  | Gained mutation: You do not regenerate when monsters are
                  | visible. [a shining eye]
 64066 | Slime:2  | Gained mutation: You occasionally shout uncontrollably at
                  | your foes. [a shining eye]
 64068 | Slime:2  | Gained mutation: You are frail. (-10% HP) [a shining eye]
 64071 | Slime:2  | Gained mutation: You sometimes lose your temper in combat.
                  | [a shining eye]
 64696 | Slime:4  | Lost mutation: Your spells are a little harder to cast, but
                  | a little more powerful. [a shining eye]
 65443 | Slime:5  | Entered Level 5 of the Pits of Slime
 66150 | Slime:5  | Found a viscous altar of Jiyva.
 66151 | Slime:5  | Noticed the Royal Jelly
 66381 | Slime:4  | Lost mutation: You sometimes lose your temper in combat.
                  | [potion of mutation]
 66381 | Slime:4  | Lost mutation: Your magical capacity is low. (-10% MP)
                  | [potion of mutation]
 66381 | Slime:4  | Lost mutation: You occasionally shout uncontrollably at
                  | your foes. [potion of mutation]
 66381 | Slime:4  | Gained mutation: You occasionally lose the ability to read
                  | scrolls when taking damage. [potion of mutation]
 66381 | Slime:4  | Gained mutation: Your mind is acute. (Int +4, Str/Dex -1)
                  | [potion of mutation]
 66382 | Slime:4  | Lost mutation: You are frail. (-10% HP) [potion of
                  | mutation]
 66382 | Slime:4  | Lost mutation: Your mind is acute. (Int +4, Str/Dex -1)
                  | [potion of mutation]
 66382 | Slime:4  | Gained mutation: You possess an exceptional clarity of
                  | mind. [potion of mutation]
 66382 | Slime:4  | Gained mutation: You passively dampen the noise of your
                  | surroundings. [potion of mutation]
 66382 | Slime:4  | Gained mutation: Your spells are a little harder to cast,
                  | but a little more powerful. [potion of mutation]
 66383 | Slime:4  | Lost mutation: Your flesh is heat resistant. (rF+) [potion
                  | of mutation]
 66383 | Slime:4  | Lost mutation: You possess an exceptional clarity of mind.
                  | [potion of mutation]
 66383 | Slime:4  | Gained mutation: Your body often deteriorates upon taking
                  | damage. [potion of mutation]
 66384 | Slime:4  | Lost mutation: You do not regenerate when monsters are
                  | visible. [potion of mutation]
 66384 | Slime:4  | Lost mutation: You occasionally lose the ability to read
                  | scrolls when taking damage. [potion of mutation]
 66384 | Slime:4  | Gained mutation: You expend magic power (3 MP) to
                  | strengthen your wands. [potion of mutation]
 66384 | Slime:4  | Gained mutation: You have large cloven feet. [potion of
                  | mutation]
 66385 | Slime:4  | Lost mutation: Your spells are a little harder to cast, but
                  | a little more powerful. [potion of mutation]
 66385 | Slime:4  | Lost mutation: You expend magic power (3 MP) to strengthen
                  | your wands. [potion of mutation]
 66385 | Slime:4  | Lost mutation: Your body often deteriorates upon taking
                  | damage. [potion of mutation]
 66385 | Slime:4  | Gained mutation: You have a pair of small antennae on your
                  | head. [potion of mutation]
 66385 | Slime:4  | Gained mutation: You are dopey. (Int -2) [potion of
                  | mutation]
 66385 | Slime:4  | Gained mutation: A frigid envelope surrounds you and
                  | freezes all who hurt you. [potion of mutation]
 66386 | Slime:4  | Lost mutation: Your body sometimes deteriorates upon taking
                  | damage. [potion of mutation]
 66386 | Slime:4  | Lost mutation: You have large cloven feet. [potion of
                  | mutation]
 66386 | Slime:4  | Lost mutation: A frigid envelope surrounds you and freezes
                  | all who hurt you. [potion of mutation]
 66386 | Slime:4  | Gained mutation: You have an increased reservoir of magic.
                  | (+10% MP) [potion of mutation]
 66386 | Slime:4  | Gained mutation: Potions are less effective at restoring
                  | your health. [potion of mutation]
 66386 | Slime:4  | Gained mutation: You are partially covered in iridescent
                  | scales. (AC +2) [potion of mutation]
 67104 | Slime:4  | Gained mutation: You are weak. (Str -2) [a shining eye]
 67108 | Slime:4  | Gained mutation: Your body sometimes deteriorates upon
                  | taking damage. [a shining eye]
 67167 | Slime:4  | Lost mutation: You are weak. (Str -2) [potion of mutation]
 67167 | Slime:4  | Lost mutation: You are partially covered in iridescent
                  | scales. (AC +2) [potion of mutation]
 67167 | Slime:4  | Lost mutation: You passively dampen the noise of your
                  | surroundings. [potion of mutation]
 67167 | Slime:4  | Lost mutation: You are dopey. (Int -2) [potion of mutation]
 67167 | Slime:4  | Gained mutation: You are agile. (Dex +4, Str/Int -1)
                  | [potion of mutation]
 68103 | Zot:1    | Entered Level 1 of the Realm of Zot
 68907 | Zot:1    | Identified the +1 scale mail of Pazur {rPois rF+ Stlth-}
 69486 | Zot:2    | Found a transporter.
 69945 | Zot:2    | Found a transporter.
 70355 | Zot:2    | Noticed an orb of fire
 70355 | Zot:2    | Noticed an orb of fire
 70356 | Zot:2    | Noticed an orb of fire
 70382 | Zot:2    | Gained mutation: You occasionally shout uncontrollably at
                  | your foes. [an orb of fire]
 70629 | Zot:3    | Found a runed translucent door.
 70632 | Zot:3    | Noticed Cankoss's ghost (veteran TrGl)
 71024 | Zot:3    | Killed Cankoss's ghost
 71075 | Zot:3    | Identified the amulet of Fonomn {Reflect rC+ SH+5}
 72170 | Zot:3    | Paralysed by Trog for 7 turns
 73869 | Zot:4    | Was forgiven by Trog
 74069 | Zot:4    | Noticed a dread lich
 74074 | Zot:4    | Killed a dread lich
 74080 | Zot:4    | Noticed a dread lich
 74087 | Zot:4    | Killed a dread lich
 74090 | Zot:4    | Noticed a dread lich
 74098 | Zot:4    | Killed a dread lich
 74153 | Zot:4    | Identified the +2 robe "Qyluddit" {rElec rCorr SInv}
 74156 | Zot:4    | Identified the +4 pair of gloves "Lozes" {rF+}
 74340 | Zot:4    | Reached skill level 15 in Invocations
 74685 | Zot:4    | Found the +6 arbalest "Damnation" {damnation}
 74843 | Zot:5    | Entered Level 5 of the Realm of Zot
 75360 | Zot:5    | Noticed an orb of fire
 75374 | Zot:5    | Noticed a dread lich
 75380 | Zot:5    | Killed an orb of fire
 75381 | Zot:5    | Lost mutation: You are agile. (Dex +4, Str/Int -1)
                  | [mutagenic glow]
 75396 | Zot:5    | Killed a dread lich
 75399 | Zot:5    | Noticed a dread lich
 75404 | Zot:5    | Gained mutation: You have hidden genetic defects.
                  | [mutagenic glow]
 75410 | Zot:5    | Killed a dread lich
 75430 | Zot:5    | Gained mutation: You are dopey. (Int -2) [mutagenic glow]
 75446 | Zot:5    | Gained mutation: You are clumsy. (Dex -2) [mutagenic glow]
 75643 | Zot:5    | Gained mutation: You are frail. (-10% HP) [hidden defects]
 75698 | Zot:5    | Lost mutation: You have hidden genetic defects. [potion of
                  | mutation]
 75698 | Zot:5    | Lost mutation: Potions are less effective at restoring your
                  | health. [potion of mutation]
 75698 | Zot:5    | Lost mutation: You have an increased reservoir of magic.
                  | (+10% MP) [potion of mutation]
 75698 | Zot:5    | Gained mutation: You are weak. (Str -2) [potion of
                  | mutation]
 75698 | Zot:5    | Lost mutation: You are dopey. (Int -2) [potion of mutation]
 75699 | Zot:5    | Lost mutation: You are frail. (-10% HP) [potion of
                  | mutation]
 75699 | Zot:5    | Lost mutation: You are clumsy. (Dex -2) [potion of
                  | mutation]
 75699 | Zot:5    | Gained mutation: You are agile. (Dex +4, Str/Int -1)
                  | [potion of mutation]
 75699 | Zot:5    | Gained mutation: You are very agile. (Dex +8, Str/Int -2)
                  | [potion of mutation]
 75700 | Zot:5    | Lost mutation: You have a pair of small antennae on your
                  | head. [potion of mutation]
 75700 | Zot:5    | Lost mutation: You occasionally shout uncontrollably at
                  | your foes. [potion of mutation]
 75700 | Zot:5    | Gained mutation: You occasionally lose the ability to drink
                  | potions when taking damage. [potion of mutation]
 75700 | Zot:5    | Gained mutation: Your flesh is heat resistant. (rF+)
                  | [potion of mutation]
 75701 | Zot:5    | Lost mutation: Your body sometimes deteriorates upon taking
                  | damage. [potion of mutation]
 75701 | Zot:5    | Lost mutation: You are very agile. (Dex +8, Str/Int -2)
                  | [potion of mutation]
 75701 | Zot:5    | Lost mutation: You occasionally lose the ability to drink
                  | potions when taking damage. [potion of mutation]
 75701 | Zot:5    | Gained mutation: You expend magic power (3 MP) to
                  | strengthen your wands. [potion of mutation]
 75743 | Zot:5    | Noticed an ancient lich
 75748 | Zot:5    | Noticed an orb of fire
 75748 | Zot:5    | Noticed a dread lich
 75757 | Zot:5    | Killed an ancient lich
 75757 | Zot:5    | Gained mutation: Your flesh is very heat resistant. (rF++)
                  | [an orb of fire]
 75762 | Zot:5    | Gained mutation: You occasionally shout uncontrollably at
                  | your foes. [an orb of fire]
 75765 | Zot:5    | Killed an orb of fire
 75774 | Zot:5    | Killed a dread lich
 75807 | Zot:5    | HP: 9/199 [Killer Klown/+8 club (29)]
 75809 | Zot:5    | Mangled by a Killer Klown

Illustrated notes

Levels and vault maps discovered:
D:1:      scummos_arrival_simple_fountains, layout_basic,
          chequers_ecumenical_altar_island, hangedman_glass_teeth,
          glass_columns_a, grunt_decor_junction
D:2:      layout_basic, basic_altar
D:3:      layout_loops_corners, grunt_temple_overflow_bloody_war,
          xom_confusion_cloud, nicolae_wormholes
D:4:      layout_loops_ring, gammafunk_temple_overflow_elements,
          minmay_temple_entry_proselytizer, uniq_blork_the_orc, uniq_pikel,
          uniq_sigmund
D:5:      layout_gridville, mrwooster_statue_mirror, uniq_ijyb
D:6:      layout_basic, minmay_misc_feat_room, uniq_eustachio
D:7:      layout_basic, kennysheep_small_spiral, kennysheep_boxes, uniq_duvessa
D:8:      layout_basic, nzn_wu_jian_council_hall
D:9:      layout_gridville, lightli_fourway_metalbox, uniq_harold
D:10:     minmay_distorted_concentric_squares, layout_basic, david_lair_generic,
          serial_shops, shop
D:11:     minmay_ornate_pinched, layout_loops_cross,
          minmay_orc_entry_guard_dogs, portal_ice_cave_entry_imps, serial_bayou,
          serial_bayou_pond_d, serial_bayou_pond_e, serial_bayou_pond_a,
          serial_bayou_ford_a
D:12:     layout_basic
D:13:     layout_loops_ring, erik_vaults_2
D:14:     layout_gridville, nicolae_trove_entry_free_sample, uniq_frances,
          uniq_azrael
D:15:     grunt_enter_depths_hoard, layout_irregular_city
Temple:   nicolae_temple_elliptical
Lair:1:   layout_chaotic_city, chequers_serial_rivers_large_b,
          grunt_megastairs_2, serial_bayou_shore_a
Lair:2:   layout_roguey [special_room_bee], minmay_shoals_entry_beasts,
          lemuel_oklob_altar
Lair:3:   layout_big_grid, spider_nest_entry_rubble, enter_volcano_2,
          amcnicky_mini_pool_medium, lemuel_fruit_tree, grunt_megastairs_3
Lair:4:   layout_loops_ring, slime_entry_1, nicolae_lair_grove_arrangements,
          nicolae_lair_time_for_slime
Lair:5:   cheibrodos_lair_end_hotspot, layout_cave_pods, st_stairs_10,
          chequers_serial_rivers_micro_a
Shoals:1: layout_shoals, uniq_aizul
Shoals:2: layout_shoals, nicolae_shoals_so_close
Shoals:3: layout_shoals, uniq_nikola
Shoals:4: shoals_end_hellmonk_storm_palace [storm_palace_center_circular,
          storm_palace_corner_blocked, storm_palace_corner_narrow,
          storm_palace_corner_narrow, storm_palace_corner_grid]
Spider:1: layout_spider_delve
Spider:2: layout_chambers
Spider:3: layout_spider_delve, uniq_louise
Spider:4: grunt_spider_rune_island, nicolae_spider_altar_of_dancing,
          uniq_arachne
Slime:1:  layout_caves
Slime:2:  layout_caves
Slime:3:  layout_caves
Slime:4:  cheibrodos_slime_lost_civilization_9, layout_caves,
          nicolae_slime_phagocytosis
Slime:5
Orc:1:    layout_caves, bh_open_orc_temple
Orc:2:    grunt_orc_cross, layout_caves, mines2_david, uniq_urug,
          uniq_saint_roka, uniq_donald
Elf:1:    elf_arrival_001, layout_geoelf_grid, orc_legates, uniq_asterion
Elf:2:    nicolae_elf_blades_crystal_corner, layout_loops_corners
Elf:3:    minmay_elf_hall_spiked, layout_rooms, serial_shops, shop
Vaults:1: hangedman_vaults_trim, v_misc_19, hangedman_vaults_nodes,
          hangedman_vaults_unwind, gammafunk_its_a_trap, grunt_vaults_swirl,
          v_pattern_3, v_rooms_5, v_alt_pattern_1, layout_vaults_omnibox
Vaults:2: v_misc_4, v_rooms_5, v_pattern_1, v_misc_30,
          nicolae_vaults_little_squares_1, grunt_vaults_funnel, v_misc_28,
          nicolae_vaults_circle_grid_a, nicolae_vaults_little_squares_3,
          nicolae_vaults_inception_scallops, layout_vaults_maze, serial_shops,
          nicolae_shop_crystal
Vaults:3: v_misc_5, ontoclasm_vaults_misaligned, grunt_vaults_trifunnel,
          v_misc_3, v_misc_19, nicolae_vaults_ring_of_whatevers, v_misc_3,
          vaults_mumra_hex, hangedman_vaults_snaps, blue_anna_dwarven_crypt,
          ontoclasm_vaults_decontamination, layout_vaults_big_room,
          serial_shops, shop
Vaults:4: v_misc_11, v_misc_8, v_misc_11, st_quartered_hall,
          nicolae_vaults_shelves_hall, v_misc_15, nicolae_vaults_circle_grid_b,
          layout_vaults_omnigrid
Vaults:5: uniq_mara
Crypt:1:  layout_misc_corridors, serial_sigils_hangedman_scar,
          lemuel_nasty_fountain
Crypt:2:  layout_misc_corridors, feat_on_display, grunt_megastairs_5, uniq_vv,
          uniq_bai_suzhen, uniq_sojobo
Crypt:3:  cryptofortress_bobbens
Depths:1: layout_gridlike, minmay_misc_feat_four_crosses,
          hangedman_coc_ice_floe, makhleb_altar_promises_db,
          kennysheep_random_hallway
Depths:2: gammafunk_depths_water_palace, layout_honeycomb,
          pf_dread_powers_of_hell, rand_demon_pan_entry_4, serial_shops,
          nicolae_shop_statue_plus, roderic_lattice_a, minmay_the_grid_2x2
          [minmay_the_grid_broken_lines, minmay_the_grid_gridbox,
          minmay_the_grid_garden, minmay_the_grid_prize_diamond_cup]
Depths:3: lemuel_river_lethe, pan_entry, hell_entry, abyss_entry
Depths:4: grunt_zot_entry_funnels, layout_gridlike, enter_ziggurat_c,
          abyss_entry_small_statue_room, hellmouth_1, kennysheep_pointless_box,
          uniq_parghit, uniq_grunn
Zot:1:    layout_onion_interference, grunt_megastairs_4
Zot:2:    gammafunk_dig_for_victory, layout_twisted_circle
Zot:3:    layout_twisted_circle, ebering_ghost_inner_flame
Zot:4:    hellmonk_paralyzer, layout_concentric_octagons,
          st_single_dragon_hoard_3
Zot:5:    layout_misc_corridors

Skill      XL: |  1  2  3  4  5  6  7  8  9 10 11 12 13 14 15 16 17 18 19 20 21 22 23 24 25 26 27 |
---------------+----------------------------------------------------------------------------------+-----
Fighting       | 4 5 6 7 8 10 11 12 14 16 18 20 21 22 23 24 25 26 27 | 27.0
Dodging        | 2 3 4 5 6 7 |  7.7
Maces & Flails | 4 5 6 7 9 12 13 14 15 16 17 18 19 20 21 22 26 | 26.9
Shields        | 1 2 3 5 6 8 9 11 12 13 15 17 18 20 21 22 23 24 26 27 | 27.0
Armour         | 3 4 5 6 7 8 9 10 11 12 13 14 15 16 17 21 | 21.9
Axes           | 2 5 8 10 12 | 12.5
Throwing       | 1 |  1.7
Invocations    | 16 | 16.2
Stealth        | |  0.4

Action                   |  1- 3 |  4- 6 |  7- 9 | 10-12 | 13-15 | 16-18 | 19-21 | 22-24 | 25-27 || total
-------------------------+-------+-------+-------+-------+-------+-------+-------+-------+-------++-------
Melee: Mace              |   103 |   248 |   142 |       |       |       |       |       |   746 ||  1239
       War axe           |       |       |   179 |   574 |     6 |       |       |       |       ||   759
       Punch             |       |       |     3 |       |       |       |       |       |       ||     3
       Morningstar       |       |       |       |       |   396 |       |       |       |       ||   396
       Spear             |       |       |       |       |   122 |       |       |       |       ||   122
       Demon whip        |       |       |       |       |   415 |  1247 |  1921 |  1480 |  1452 ||  6515
       Sacred scourge    |       |       |       |       |       |       |       |       |  1980 ||  1980
Throw: Javelin           |       |       |     6 |    19 |       |       |       |     4 |     2 ||    31
       Dart              |       |       |       |     1 |     2 |       |     3 |       |       ||     6
       Throwing net      |       |       |       |       |       |     2 |       |       |       ||     2
Invok: Berserk           |     1 |     1 |     2 |     4 |     4 |       |     1 |       |     6 ||    19
       Trog's Hand       |     1 |     1 |     1 |     3 |     1 |     5 |    12 |     6 |     3 ||    33
       Brothers in Arms  |       |       |       |     2 |     5 |     1 |    12 |     7 |     4 ||    31
       Cleansing Flame   |       |       |       |       |       |       |       |       |     8 ||     8
       Summon Divine War |       |       |       |       |       |       |       |       |     4 ||     4
       Divine Shield     |       |       |       |       |       |       |       |       |     2 ||     2
       Brand Weapon With |       |       |       |       |       |       |       |       |     1 ||     1
Evoke: Lightning rod     |       |       |       |       |       |     3 |       |       |       ||     3
       Phantom mirror    |       |       |       |       |       |       |       |     1 |     1 ||     2
  Use: Potion            |       |     1 |       |     1 |     3 |     2 |     3 |    11 |    47 ||    68
       Scroll            |       |       |       |    11 |     7 |     4 |    10 |     6 |    33 ||    71
 Stab: Sleeping          |     1 |       |       |       |       |       |       |       |       ||     1
       Held in net/web   |       |       |       |       |       |     1 |       |       |       ||     1
       Distracted        |       |       |       |       |       |     1 |     1 |     1 |     1 ||     4
       Invisible         |       |       |       |       |       |       |       |     3 |       ||     3
Armor: Animal skin       |    30 |    23 |       |       |       |       |       |       |       ||    53
       Ring mail         |       |    38 |    29 |       |       |       |       |       |       ||    67
       Chain mail        |       |       |    45 |       |       |       |       |       |       ||    45
       Plate armour      |       |       |    35 |   149 |    34 |   419 |   663 |   626 |   569 ||  2495
       Scale mail        |       |       |       |    32 |   228 |       |       |       |       ||   260
       Skin              |       |       |       |       |       |     5 |       |       |       ||     5
       Gold dragon scale |       |       |       |       |       |       |       |       |  1736 ||  1736
Dodge: Dodged            |    88 |   199 |   281 |   261 |   592 |   559 |   748 |   503 |  1366 ||  4597
Block: Other             |       |    32 |    55 |       |       |       |       |       |       ||    87
       Reflection        |       |     1 |     4 |    15 |    12 |    46 |   129 |    29 |   100 ||   336
       Buckler           |       |       |    95 |   412 |   705 |   814 |  1141 |   917 |  2887 ||  6971
